Map: Simulacrum LE

Players

Clarky - Winner!

  • Race: Terran Terran
  • League: Diamond
  • Spawn Location: 11:00

ViBE

  • Race: Terran Terran
  • League: Diamond
  • Spawn Location: 5:00

VOD

Have the link to the VOD?

Description

Time

  • Played on: Dec. 23, 2019, 6:29 a.m.
  • Length: 3:10
Show
View Real Time Build Order
Export as new Build Order

Clarky Terran - Winner!

Build Orders: Reaper Expand 

Get SALT Encoding   

  12  0:00  SCV  
  13  0:12  SCV  
  14  0:17  Supply Depot  
  14  0:25  SCV  
  15  0:38  SCV  
  15  0:39  Barracks  
  16  0:44  Refinery  
  16  0:50  SCV  
  17  1:02  SCV  
  18  1:14  SCV  
  19  1:27  Reaper, Orbital Command  
  20  1:47  Command Center  
  20  1:54  SCV  
  20  2:00  Barracks Reactor  
  20  2:04  Barracks  
  20  2:06  SCV  
  21  2:22  SCV  
  22  2:26  Supply Depot, Refinery  
  22  2:37  SCV  
  23  2:47  Marine x2  
  23  2:49  Factory  
  25  2:53  SCV  
Show
View Real Time Build Order
Export as new Build Order

ViBE Terran 

Build Orders: Reaper Expand 

Get SALT Encoding   

  12  0:00  SCV  
  13  0:12  SCV  
  14  0:18  Supply Depot  
  14  0:25  SCV  
  15  0:39  SCV  
  16  0:42  Barracks  
  16  0:45  Refinery  
  16  0:51  SCV  
  17  1:03  SCV  
  18  1:15  SCV  
  19  1:29  Orbital Command  
  19  1:30  Reaper  
  20  1:51  Command Center  
  20  1:57  SCV  
  21  2:10  SCV  
  21  2:14  Factory  
  21  2:15  Refinery  
  22  2:16  Supply Depot  
  21  2:23  Marine  
  21  2:26  SCV  
  21  2:38  SCV  
  21  2:41  Barracks Reactor  
Tags
 
Add a new tag
Caveats
  • Supply blocks, unpowered buildings, or Contaminate may cause inaccurate times.
  • Supply counts are checked every 10 seconds.